 Dungeon Crawl Stone Soup version 0.29-a0-322-g68df515428 (webtiles) character file.

Game seed: 17718323460049515960

521 Ajdolov the Cudgeller (level 7, -4/57 HPs)
             Began as a Formicid Abyssal Knight on Apr 7, 2022.
             Was a Priest of Lugonu.
             Slain by Prince Ribbit (12 damage)
             ... on level 5 of the Dungeon.
             The game lasted 00:06:09 (5214 turns).

Ajdolov the Cudgeller (Formicid Abyssal Knight)     Turns: 5214, Time: 00:06:09

Health: -4/57      AC:  8    Str: 20    XL:     7   Next: 46%
Magic:  8/8        EV:  7    Int:  9    God:    Lugonu [***...]
Gold:   258        SH:  0    Dex: 11    Spells: 6/6 levels left

rFire   . . .      SeeInvis +   a - +1 mace
rCold   . . .      Faith    .   (no shield)
rNeg    . . .      Spirit   .   q - +0 chain mail
rPois   +          Reflect  .   (helmet unavailable)
rElec   .          Harm     .   (no cloak)
rCorr   .          Rampage  .   (no gloves)
Will    .....                   (no boots)
Stlth   ..........              (no amulet)
HPRegen 0.19/turn               f - ring of poison resistance
MPRegen 0.11/turn               (no ring)

@: no status effects
A: permanent stasis, dig shafts and tunnels, antennae 3, four strong arms
a: Dig, Shaft Self, Renounce Religion, Depart the Abyss, Bend Space, Banish


You were on level 5 of the Dungeon.
You worshipped Lugonu.
Lugonu was most pleased with you.
You visited 1 branch of the dungeon, and saw 5 of its levels.
You visited the Abyss 1 time.

You collected 258 gold pieces.

Inventory:

Hand Weapons
 a - a +1 mace (weapon)
 j - a +0 hunting sling
Armour
 q - a +0 chain mail (worn)
Jewellery
 f - a ring of poison resistance (left hand)
Wands
 n - a wand of polymorph (10)
 p - a wand of acid (8)
 t - a wand of iceblast (8)
Scrolls
 d - a scroll of amnesia {unknown}
 g - 2 scrolls of identify {unknown}
 h - a scroll of torment {unknown}
 i - 2 scrolls of noise {unknown}
 k - a scroll of summoning {unknown}
 l - 2 scrolls of holy word {unknown}
 r - a scroll of fear {unknown}
 s - a scroll of enchant weapon {unknown}
 w - 2 scrolls of teleportation {unknown}
Potions
 b - a potion of haste {unknown}
 c - 2 potions of curing {unknown}
 e - a potion of might {unknown}
 m - a potion of degeneration {unknown}
 o - a potion of mutation {unknown}
 u - 2 potions of heal wounds {unknown}
 v - 2 potions of berserk rage {unknown}


   Skills:
 + Level 5.7 Fighting
 * Level 6.3 Maces & Flails
 - Level 2.1 Armour
 - Level 0.8 Dodging
 - Level 2.1 Invocations


You had 6 spell levels left.
You didn't know any spells.
Your spell library contained the following spells:

 Spells                   Type           Power      Damage    Failure   Level
 Scorch                   Fire           0%         2d5       100%        2
 Portal Projectile        Hex/Tloc       0%         N/A       100%        3
 Flame Wave               Conj/Fire      0%         2d4       100%        4
 Blade Hands              Tmut           0%         N/A       100%        5
 Excruciating Wounds      Necr           0%         N/A       100%        5
 Summon Cactus Giant      Summ           0%         N/A       100%        6


Dungeon Overview and Level Annotations

Branches:
Dungeon (5/15)
 Temple: D:4-7

Altars:

Annotations:
D:4 2 runed translucent doors, nago's ghost, amateur GnAM
D:5 Prince Ribbit


Innate Abilities, Weirdness & Mutations

You cannot be hasted, slowed, berserked, paralysed or teleported.
You can dig through walls and to a lower floor.
You have a pair of large antennae on your head. (SInv)
Your four strong arms can wield two-handed weapons with a shield.


Message History

* * * LOW HITPOINT WARNING * * *
You closely miss Prince Ribbit. Prince Ribbit barely misses you.
Prince Ribbit hits you.
* * * LOW HITPOINT WARNING * * *
Okay, then.
Aiming: Corrosive Bolt
Press: ? - help, Shift-Dir - straight line, f - Prince Ribbit
Aim: Prince Ribbit (50% to hit)
The bolt of acid misses Prince Ribbit.
Prince Ribbit blinks!
Unknown command.
Aiming: Corrosive Bolt
Press: ? - help, Shift-Dir - straight line, f - you, p - Prince Ribbit
Okay, then.
Aiming: Corrosive Bolt
Press: ? - help, Shift-Dir - straight line, f/p - Prince Ribbit
Aim: Prince Ribbit (50% to hit)
The bolt of acid hits Prince Ribbit!
The acid corrodes Prince Ribbit!
Prince Ribbit is moderately wounded.
Unknown command.
Aiming: Corrosive Bolt
Press: ? - help, Shift-Dir - straight line, f/p - Prince Ribbit
Aim: Prince Ribbit (moderately wounded, covered in acid, 50% to hit)
The bolt of acid hits Prince Ribbit!
Prince Ribbit seems to be corroded for longer.
Prince Ribbit is heavily wounded.
Unknown command.
Aiming: Corrosive Bolt
Press: ? - help, Shift-Dir - straight line, f/p - Prince Ribbit
Aim: Prince Ribbit (heavily wounded, covered in acid, 50% to hit)
The bolt of acid misses Prince Ribbit.
Prince Ribbit hits you.
* * * LOW HITPOINT WARNING * * *
Unknown command.
Aiming: Corrosive Bolt
Press: ? - help, Shift-Dir - straight line, f/p - Prince Ribbit
Aim: Prince Ribbit (heavily wounded, covered in acid, 50% to hit)
The bolt of acid hits Prince Ribbit!!
Prince Ribbit seems to be corroded for longer.
Prince Ribbit is almost dead.
Prince Ribbit hits you!
You die... # #####.######### ......F@....... ###############

You could see Prince Ribbit (corroded).

Vanquished Creatures
  A sky beast (D:4)
  A phantom (D:4)
  2 hounds (D:4)
  Natasha (thrice) (D:2)
  An iguana (D:4)
  9 adders
  2 ufetubi (D:4)
  3 worms
  2 dart slugs (D:1)
  7 orcs (D:4)
  7 ball pythons
  6 endoplasms
  2 giant cockroaches
  6 goblins
  9 hobgoblins
  3 jackals (D:4)
  7 kobolds
  5 quokkas
  3 bats
  A frilled lizard (D:2)
  4 rats
84 creatures vanquished.

Notes
Turn   | Place    | Note
-------+----------+-------------------------------------------
     0 | Abyss:1  | Ajdolov the Formicid Abyssal Knight began the quest for the
                  | Orb.
     0 | Abyss:1  | Reached XP level 1. HP: 18/18 MP: 2/2
   110 | Abyss:1  | Noticed a large abomination
   111 | Abyss:1  | Noticed a quasit
   112 | D:1      | Escaped the Abyss
   241 | D:1      | Reached XP level 2. HP: 24/24 MP: 3/3
   271 | D:1      | Reached ** piety under Lugonu
   940 | D:1      | Reached XP level 3. HP: 30/30 MP: 4/4
  1043 | D:1      | Reached skill level 3 in Maces & Flails
  1654 | D:2      | Reached XP level 4. HP: 35/37 MP: 5/5
  1711 | D:2      | Noticed Natasha
  1718 | D:2      | Killed Natasha
  1974 | D:2      | Noticed Natasha
  1978 | D:2      | Killed Natasha
  1979 | D:2      | Reached skill level 4 in Maces & Flails
  1979 | D:2      | Reached XP level 5. HP: 31/42 MP: 6/6
  1999 | D:2      | Noticed Natasha
  2006 | D:2      | Killed Natasha
  2656 | D:3      | You fall into a shaft and drop 1 floor!
  2908 | D:4      | Found a runed translucent door.
  3039 | D:4      | Noticed a bullfrog
  3039 | D:4      | Noticed nago's ghost (amateur GnAM)
  3083 | D:4      | Reached XP level 6. HP: 49/49 MP: 7/7
  3347 | D:4      | Reached *** piety under Lugonu
  3362 | D:4      | Reached skill level 5 in Maces & Flails
  3538 | D:4      | Reached skill level 5 in Fighting
  3907 | D:3      | Found a faded altar of an unknown god.
  4257 | D:3      | Identified the +2 dagger "Aweshom" {flame, Fly rPois MP+9
                  | Str+6}
  4323 | D:4      | Reached XP level 7. HP: 53/56 MP: 8/8
  4660 | D:4      | Found a runed translucent door.
  4886 | D:5      | Entered Level 5 of the Dungeon
  5120 | D:4      | Reached skill level 6 in Maces & Flails
  5126 | D:5      | Noticed Prince Ribbit
  5214 | D:5      | Slain by Prince Ribbit

Illustrated notes

Levels and vault maps discovered:
D:1:      dpeg_arrival_houses_and_road, layout_basic
D:2:      layout_rooms, serial_forest, infiniplex_forest_lined_4_way,
          infiniplex_forest_straight_5, infiniplex_forest_lined_room_3,
          infiniplex_forest_lined_room_2, infiniplex_forest_zigzag_1,
          infiniplex_forest_join, infiniplex_forest_lined_2,
          infiniplex_forest_lined_ring, uniq_sigmund, uniq_natasha
D:3:      layout_basic, hellmonk_ecumenical_altar_heavens_door
D:4:      mumra_celtic_spiral_tile, layout_cave_pools, ebering_ghost_sewer_f
D:5:      layout_basic, uniq_prince_ribbit1, uniq_ijyb

Skill      XL: |  1  2  3  4  5  6  7 |
---------------+----------------------+-----
Maces & Flails | 3 4 5 6 |  6.3
Fighting       | 4 5 |  5.7
Armour         | |  2.1
Dodging        | |  0.8
Invocations    | |  2.1

Action                   |  1- 3 |  4- 6 |  7- 9 || total
-------------------------+-------+-------+-------++-------
Melee: Mace              |    86 |   186 |    43 ||   315
       Punch             |       |     4 |       ||     4
Invok: Depart the Abyss  |     1 |       |       ||     1
 Abil: Dig               |     1 |       |       ||     1
Evoke: Wand              |       |       |     5 ||     5
 Stab: Sleeping          |     1 |       |       ||     1
Armor: Leather armour    |    25 |     8 |       ||    33
       Chain mail        |       |    92 |    42 ||   134
       Skin              |       |     5 |       ||     5
Dodge: Dodged            |    50 |    68 |    23 ||   141

Table legend: (Time is in decaauts)
 A = Elapsed time spent in this place.
 B = Non-inter-level travel time spent in this place.
 C = Inter-level travel time spent in this place.
 D = Time resting spent in this place.
 E = Time spent auto-exploring this place.
 F = Levels seen in this place.
 G = Mean time per level.
                   A        B        C        D        E       F      G
               +--------+--------+--------+--------+--------+-----+--------+
         Total |   5278 |   5048 |    230 |    789 |   3440 |   6 |  879.7 |
       Dungeon |   5163 |   4933 |    230 |    789 |   3334 |   5 | 1032.6 |
         Abyss |    114 |    114 |      0 |      0 |    106 |   1 |  114.0 |
               +--------+--------+--------+--------+--------+-----+--------+

Top non-repeatable levels by time:
     D:4: 1867 daAuts
     D:1: 1428 daAuts
     D:2: 1041 daAuts
     D:3: 796 daAuts
 Abyss:1: 114 daAuts
     D:5: 29 daAuts
